 Dungeon Crawl Stone Soup version 0.20-a0-1006-ge6c5631 (webtiles) character file.

3969 AlphabetPasta the Ruffian (level 10, 0/60 HPs)
             Began as a Gargoyle Transmuter on Apr 13, 2017.
             Was a Priest of Qazlal.
             Slain by a swamp worm (22 damage)
             ... on level 8 of the Dungeon.
             The game lasted 00:43:37 (8708 turns).

AlphabetPasta the Ruffian (Gargoyle Transmuter)     Turns: 8708, Time: 00:43:37

Health: 0/60       AC:  2    Str: 16    XL:     10   Next: 22%
Magic:  14/17      EV: 23    Int: 18    God:    Qazlal [***...]
Gold:   324        SH:  4    Dex: 20    Spells: 12/19 levels left

rFire    . . .     SeeInvis .     - Unarmed
rCold    . . .     Gourm    .   (shield currently unavailable)
rNeg     + . .     Faith    .   (armour currently unavailable)
rPois    ∞         Spirit   .   (helmet currently unavailable)
rElec    .         Reflect  .   (cloak currently unavailable)
rCorr    .         Harm     .   (gloves currently unavailable)
MR       .....                  (boots currently unavailable)
Stlth    +.........             (no amulet)
Regen    0.2/turn               j - +3 ring of intelligence
MPRegen  0.2/turn               k - +5 ring of dexterity

@: spider-form
A: negative energy resistance 1, petrification resistance, rot immunity, AC +7
a: End Transformation, Upheaval, Elemental Force, Renounce Religion


You were on level 8 of the Dungeon.
You worshipped Qazlal.
Qazlal was most pleased with you.
You were not hungry.
You were a venomous arachnid creature.
You visited 1 branch of the dungeon, and saw 8 of its levels.

You collected 554 gold pieces.
You spent 230 gold pieces at shops.

Inventory:

Missiles
 a - 83 arrows
 g - 80 bolts
Armour
 b - a +0 robe (melded)
 n - a +1 helmet
 p - a +1 pair of boots (melded)
 F - a +1 cloak (melded)
Jewellery
 j - a +3 ring of intelligence (left front leg)
 k - a +5 ring of dexterity (right front leg)
 t - an uncursed ring of fire
 x - an uncursed ring of fire
Wands
 y - a wand of polymorph (3/24)
 D - a wand of disintegration (11/24)
Scrolls
 i - 4 scrolls of teleportation
 q - 7 scrolls of identify
 r - 2 scrolls of recharging
 w - 3 scrolls of remove curse
 B - 2 scrolls of enchant armour
 E - a scroll of enchant weapon
Potions
 f - a potion of curing
 h - 2 potions of invisibility
 s - a potion of brilliance
 u - a potion of agility
 v - a potion of magic
 z - a potion of cancellation
 A - 2 potions of flight
 H - a potion of haste
Books
 c - a book of Changes

   Spells                             Type                      Level
   a - Beastly Appendage              Transmutation                1
   b - Sticks to Snakes               Transmutation                2
   c - Spider Form                    Transmutation/Poison         3
   d - Ice Form                       Ice/Transmutation            4
   e - Blade Hands                    Transmutation                5
 e - a book of Cantrips

   Spells                             Type                      Level
   a - Confusing Touch                Hexes                        1
   b - Animate Skeleton               Necromancy                   1
   c - Summon Small Mammal            Summoning                    1
   d - Apportation                    Translocation                1
Comestibles
 d - 11 bread rations
 l - 8 fruits
 m - 6 meat rations
 o - 4 royal jellies


   Skills:
 + Level 5.7 Fighting
 + Level 4.5 Dodging
 * Level 7.9 Unarmed Combat
 + Level 5.2 Spellcasting
 + Level 2.2 Hexes
 * Level 6.2 Transmutations
 - Level 2.2 Poison Magic
 - Level 2.3 Invocations


You had 12 spell levels left.
You knew the following spells:

 Your Spells              Type           Power        Failure   Level  Hunger
a - Beastly Appendage     Tmut           ####..       4%          1    None
b - Sticks to Snakes      Tmut           ####....     6%          2    #......
c - Spider Form           Tmut/Pois      ###.......   24%         3    ##.....
d - Confusing Touch       Hex            ##....       17%         1    None


Dungeon Overview and Level Annotations

Branches:
Dungeon (8/15)             Temple (0/1) D:5
   Lair: D:8-11

Altars:
Elyvilon
Fedhas
Gozag
Hepliaklqana
Okawaru
Qazlal

Shops:
D:5 *


Innate Abilities, Weirdness & Mutations

You are resistant to torment.
((Your stone body is resilient. (AC +7)))
You are immune to poison.
You resist negative energy. (rN+)
((You are resistant to electric shocks. (rElec)))
((You can survive without breathing.))
You are immune to petrification.
You are immune to rotting.


Message History

Your +0 robe unmelds from your body.
The worm barely misses you.
You punch the worm!
The worm is heavily wounded.
Casting: Spider Form
Confirm with . or Enter, or press ? or * to list all spells.
You turn into a venomous arachnid creature.
Your +1 cloak melds into your body.
Your +1 pair of boots melds into your body.
Your +0 robe melds into your body.
The swamp worm bites you.
You hit the swamp worm.
The swamp worm is poisoned.
The swamp worm is severely wounded.
The swamp worm completely misses you.
You barely miss the swamp worm.
The swamp worm is almost dead.
You block the swamp worm's attack.
You hit the swamp worm.
The swamp worm looks as sick as possible!
The swamp worm is almost dead.
The swamp worm bites you!!
You die...

#####.....................≈≈≈###
#..................#...#..≈≈##
#.###.#####.##.....###.#..≈≈#
#.# #.# #....#.....# #.#..≈≈##
#.# #.###.#..#.....# #.#..≈≈≈###
#.# #.#............###.#..<≈≈≈≈≈
#.# #.###.##................#≈≈≈
#(# #.###.####.##w.###..........
#.# #..........sww........#.....
#.#######.####.##########.#.###.
#.........................#.w.w.
######.######.#################.
#.# #.# #. #.# #.# #. #.# #.# #.
#.# #.# #. #####.######.# #.


You could see 2 swamp worms and a worm.

Vanquished Creatures
  A two-headed ogre (D:5)
  Grinder (D:5)
  Sigmund (D:5)
  Eustachio (D:5)
  Menkaure (D:5)
  A swamp worm (D:8)
  Duvessa (D:5)
  2 ice beasts
  An orc warrior (D:6)
  A necrophage (D:7)
  A centaur (D:8)
  2 ogres
  5 bullfrogs
  A wyvern zombie (D:8)
  A water moccasin zombie (D:7)
  Dowan (D:5)
  A water moccasin skeleton (D:8)
  A scorpion (D:5)
  7 howler monkeys
  A crimson imp (D:5)
  A quasit (D:5)
  A bullfrog skeleton (D:4)
  3 orc priests
  2 centaur skeletons
  A hound (D:4)
  An iguana (D:5)
  Natasha (thrice) (D:2 D:1)
  7 orc wizards
  4 worker ants
  9 adders
  2 shadow imps
  8 worms
  6 dart slugs
  5 leopard geckos
  29 orcs
  5 bats
  4 giant cockroaches
  11 hobgoblins
  3 jackals (D:6)
  4 quokkas
  4 frilled lizards
  7 goblins
  2 jackal zombies
  4 kobolds
  3 quokka skeletons
  A quokka zombie (D:7)
  7 rats
169 creatures vanquished.

Vanquished Creatures (collateral kills)
  Prince Ribbit (D:5)
  A bat (D:3)
2 creatures vanquished.

Vanquished Creatures (others)
  3 plants (D:8)
3 creatures vanquished.

Grand Total: 174 creatures vanquished

Notes
Turn   | Place    | Note
-------+----------+-------------------------------------------
     0 | D:1      | AlphabetPasta the Gargoyle Transmuter began the quest for the Orb.
     0 | D:1      | Reached XP level 1. HP: 12/12 MP: 3/3
   143 | D:1      | Reached XP level 2. HP: 12/16 MP: 0/5
   152 | D:1      | Learned a level 2 spell: Sticks to Snakes
   510 | D:1      | Reached XP level 3. HP: 12/21 MP: 3/6
  1102 | D:2      | Noticed Natasha
  1127 | D:2      | Killed Natasha
  1127 | D:2      | Reached XP level 4. HP: 4/26 MP: 7/7
  1448 | D:2      | Learned a level 3 spell: Spider Form
  1549 | D:2      | Noticed Natasha
  1564 | D:1      | Killed Natasha
  1686 | D:1      | Noticed Natasha
  1706 | D:1      | Killed Natasha
  1706 | D:1      | Reached skill level 4 in Unarmed Combat
  1706 | D:1      | Reached XP level 5. HP: 2/30 MP: 6/8
  2125 | D:2      | Found a stormy altar of Qazlal.
  2127 | D:2      | Found an iron altar of Okawaru.
  2143 | D:2      | Became a worshipper of Qazlal Stormbringer
  2186 | D:2      | Learned a level 1 spell: Confusing Touch
  3045 | D:3      | Reached XP level 6. HP: 17/36 MP: 6/10
  3203 | D:3      | Reached * piety under Qazlal
  4271 | D:4      | Reached skill level 1 in Hexes
  4306 | D:4      | Reached XP level 7. HP: 41/41 MP: 8/11
  4390 | D:4      | Found a white marble altar of Elyvilon.
  4499 | D:4      | Reached skill level 1 in Poison Magic
  4611 | D:4      | Reached skill level 5 in Unarmed Combat
  4788 | D:5      | Entered Level 5 of the Dungeon
  4796 | D:5      | Found a staircase to the Ecumenical Temple.
  4811 | D:5      | Noticed Prince Ribbit
  4828 | D:5      | Killed Prince Ribbit
  4881 | D:5      | Noticed Menkaure
  4893 | D:5      | Killed Menkaure
  4893 | D:5      | Reached skill level 1 in Invocations
  4893 | D:5      | Reached XP level 8. HP: 12/48 MP: 13/13
  4932 | D:5      | Noticed a two-headed ogre
  5135 | D:5      | Learned a level 1 spell: Confusing Touch
  5160 | D:5      | Found Gexoez's General Store.
  5168 | D:5      | Bought 2 potions of invisibility for 160 gold pieces
  5168 | D:5      | Bought a scroll of identify for 20 gold pieces
  5168 | D:5      | Bought a scroll of remove curse for 30 gold pieces
  5168 | D:5      | Bought a scroll of identify for 20 gold pieces
  5218 | D:5      | Noticed Sigmund
  5335 | D:5      | Killed Sigmund
  5381 | D:5      | Killed a two-headed ogre
  5381 | D:5      | Reached skill level 6 in Unarmed Combat
  5381 | D:5      | Reached XP level 9. HP: 19/52 MP: 11/15
  5583 | D:5      | Reached skill level 5 in Transmutations
  5782 | D:5      | Noticed Dowan
  5787 | D:5      | Noticed Duvessa
  5827 | D:5      | Killed Dowan
  5894 | D:5      | Noticed Eustachio
  5911 | D:5      | Killed Eustachio
  5911 | D:5      | Reached skill level 5 in Fighting
  5955 | D:5      | Found a hazy altar of Hepliaklqana.
  6369 | D:6      | Reached ** piety under Qazlal
  6391 | D:6      | Reached skill level 7 in Unarmed Combat
  6549 | D:6      | Found an opulent altar of Gozag.
  6698 | D:6      | Found an opulent altar of Gozag.
  7017 | D:5      | Noticed Grinder
  7027 | D:5      | Killed Duvessa
  7109 | D:5      | Killed Grinder
  7528 | D:7      | Reached *** piety under Qazlal
  7651 | D:7      | Reached XP level 10. HP: 54/59 MP: 17/17
  7713 | D:7      | Found a blossoming altar of Fedhas.
  7939 | D:7      | Reached skill level 5 in Spellcasting
  8680 | D:8      | HP: 2/60 [swamp worm (23)]
  8708 | D:8      | Slain by a swamp worm

Vault maps used:
D:1:      dpeg_arrival_refuge, minmay_pentomino_t2
D:2:      grunt_temple_overflow_open, first_bread, uniq_natasha
D:4:      elyvilon_altar_3
D:5:      kennysheep_spiral_hall, old_standard_altar,
          minmay_temple_entry_from_below_a, serial_shops, shop,
          minmay_misc_feat_secret_circle, nrook_mini_backslash,
          uniq_prince_ribbit1, uniq_menkaure, uniq_duvessa, uniq_sigmund,
          uniq_grinder, uniq_eustachio
D:6:      nicolae_overflow_crystal_walls, grunt_gozag_statues
D:7:      grunt_ogre_cave, nicolae_benzene_ring, fedhas_altar_3
D:8:      worms_lemuel

Skill      XL: |  1  2  3  4  5  6  7  8  9 10 |
---------------+-------------------------------+-----
Transmutations | 2 3 4 5 6 |  6.2
Fighting       | 2 3 4 5 |  5.7
Unarmed Combat | 4 5 6 7 |  7.9
Dodging        | 2 3 4 |  4.5
Spellcasting   | 3 4 5 |  5.2
Hexes          | 1 2 |  2.2
Poison Magic   | 1 2 |  2.2
Invocations    | 1 2 |  2.3

Action                   |  1- 3 |  4- 6 |  7- 9 | 10-12 || total
-------------------------+-------+-------+-------+-------++-------
Melee: Unarmed           |   107 |   278 |   315 |   116 ||   816
       Kick              |     9 |     8 |       |       ||    17
       Headbutt          |     3 |    20 |    69 |    23 ||   115
       Punch             |     2 |     4 |    11 |     4 ||    21
 Cast: Beastly Appendage |    15 |    34 |    38 |    12 ||    99
       Sticks to Snakes  |       |     2 |     6 |       ||     8
       Confusing Touch   |       |     1 |    32 |     8 ||    41
       Spider Form       |       |     1 |     1 |     2 ||     4
Evoke: Wand              |       |       |     1 |       ||     1
  Use: Potion            |     1 |     2 |       |     1 ||     4
       Scroll            |     5 |     5 |     4 |     1 ||    15
 Stab: Sleeping          |     1 |     1 |       |       ||     2
       Distracted        |       |     1 |       |       ||     1
       Confused          |       |       |    14 |     1 ||    15
  Eat: Chunk             |     1 |     9 |    11 |     3 ||    24
       Royal jelly       |       |     1 |       |       ||     1
       Fruit             |       |       |     1 |       ||     1
Armor: Robe              |    40 |   112 |    62 |    16 ||   230
Dodge: Dodged            |    76 |   203 |   145 |    48 ||   472
Block: Other             |       |     1 |    13 |     9 ||    23
